 Dungeon Crawl Stone Soup version 0.28.0-43-g3370ac3207 (webtiles) character file.

Game seed: 17960819781907857551

90 Ablot the Grasshopper (level 4, 0/38 HPs)
             Began as a Gnoll Warper on Mar 14, 2022.
             Slain by a gnoll
             ... wielding a +0 spear
              (2 damage)
             ... on level 2 of the Dungeon.
             The game lasted 00:01:47 (2078 turns).

Ablot the Grasshopper (Gnoll Warper)                Turns: 2078, Time: 00:01:48

Health: 0/38       AC:  3    Str: 12    XL:     4   Next: 56%
Magic:  11/11      EV: 13    Int: 12    God:
Gold:   60         SH:  0    Dex: 12    Spells: 13/13 levels left

rFire   . . .      SeeInvis .   j - +0 short sword (venom)
rCold   . . .      Faith    .   (no shield)
rNeg    . . .      Spirit   .   b - +0 leather armour
rPois   .          Reflect  .   (no helmet)
rElec   .          Harm     .   (no cloak)
rCorr   .          Rampage  .   (no gloves)
Will    .....                   (no boots)
Stlth   +.........              (no amulet)
HPRegen 0.12/turn               (no ring)
MPRegen 0.12/turn               (no ring)

@: lit by a corona, glowing
A: fangs 1, strong nose, distributed training
a: no special abilities


You were on level 2 of the Dungeon.
You visited 1 branch of the dungeon, and saw 2 of its levels.

You collected 60 gold pieces.

Inventory:

Hand Weapons
 a - a +0 spear
 g - a +2 dagger of draining
 j - a +0 short sword of venom (weapon)
Missiles
 d - 5 boomerangs of dispersal
 f - 30 stones
 l - 17 sling bullets
 m - 42 bolts
 s - 2 poisoned darts (quivered)
Armour
 b - a +0 leather armour (worn)
Scrolls
 c - a scroll of blinking
 h - 2 scrolls of fog {unknown}
 k - 2 scrolls of identify {unknown}
 p - 2 scrolls of vulnerability {unknown}
Potions
 e - a potion of degeneration {unknown}
 i - a potion of mutation {unknown}
 n - 3 potions of flight {unknown}
 o - 2 potions of resistance {unknown}
 q - 2 potions of might {unknown}
 r - a potion of magic {unknown}


   Skills:
 + Level 4.6 Fighting
 + Level 1.2 Short Blades
 + Level 1.2 Long Blades
 + Level 1.2 Axes
 + Level 1.2 Maces & Flails
 + Level 4.6 Polearms
 + Level 1.2 Staves
 + Level 1.2 Slings
 + Level 1.2 Bows
 + Level 1.2 Crossbows
 + Level 2.8 Throwing
 + Level 2.8 Armour
 + Level 4.6 Dodging
 + Level 1.2 Stealth
 + Level 1.2 Shields
 + Level 1.2 Unarmed Combat
 + Level 5.1 Spellcasting
 + Level 1.0 Conjurations
 + Level 1.0 Hexes
 + Level 1.0 Summonings
 + Level 1.0 Necromancy
 + Level 5.5 Translocations
 + Level 1.0 Transmutations
 + Level 1.0 Fire Magic
 + Level 1.0 Ice Magic
 + Level 1.0 Air Magic
 + Level 1.0 Earth Magic
 + Level 1.0 Poison Magic
 + Level 1.3 Invocations
 + Level 1.2 Evocations


You had 13 spell levels left.
You didn't know any spells.
Your spell library contained the following spells:

 Spells                   Type           Power      Damage    Failure   Level
 Blink                    Tloc           32%        N/A       4%          2
 Gell's Gravitas          Tloc           16%        N/A       8%          3
 Lesser Beckoning         Tloc           16%        N/A       8%          3
 Teleport Other           Tloc           16%        N/A       8%          3
 Beastly Appendage        Tmut           10%        N/A       17%         1
 Wereblood                Tmut           5%         N/A       26%         2
 Spider Form              Tmut/Pois      5%         N/A       45%         3
 Manifold Assault         Tloc           16%        N/A       58%         5


Dungeon Overview and Level Annotations

Branches:
Dungeon (2/15)

Altars:

Shops:
D:1 (

Annotations:
D:2 Terence


Innate Abilities, Weirdness & Mutations

You have very sharp teeth.
Your uncanny sense of smell can sniff out nearby items.
Your experience applies equally to all skills.


Message History

Terence says, "You're history."
You closely miss the gnoll shaman.
The gnoll shaman is lightly wounded.
The gnoll shaman invokes the aid of its god against you.
You are outlined in light.
The gnoll misses you.
You hit the gnoll shaman but do no damage.
The gnoll shaman is poisoned.
The gnoll shaman is lightly wounded.
The gnoll shaman misses you. The gnoll hits you but does no damage.
You hit the gnoll shaman but do no damage.
The gnoll shaman looks even sicker.
You punch the gnoll shaman, but do no damage.
The gnoll shaman is lightly wounded.
The gnoll shaman hits you with a +0 club.
The gnoll hits you from afar with a +0 spear.
You hit the gnoll shaman but do no damage.
The gnoll shaman is lightly wounded.
The gnoll shaman misses you.
The gnoll hits you from afar with a +0 spear.
* * * LOW HITPOINT WARNING * * *
The gnoll shaman calls upon its god to speed up the gnoll.
The gnoll seems to speed up.
The gnoll hits you from afar with a +0 spear.
* * * LOW HITPOINT WARNING * * *
Unknown command.
Unknown command.
You barely miss the gnoll shaman.
The gnoll shaman is lightly wounded.
The gnoll hits you from afar with a +0 spear.
* * * LOW HITPOINT WARNING * * *
The gnoll shaman misses you.
Unknown command.
You hit the gnoll shaman.
The gnoll shaman looks as sick as possible!
The gnoll shaman is severely wounded.
The gnoll hits you from afar with a +0 spear.
* * * LOW HITPOINT WARNING * * *
Terence shouts, "Now you die!"
The gnoll hits you from afar with a +0 spear.
You die...

############## ######
#@ggggg@.....###....#
#.##########........####
#####.#...... #.#.#####
#.#.##### ##........
##....####. #..........
########..#...###.


You could see Terence, a gnoll shaman (extremely poisoned) and 4 gnolls.

Vanquished Creatures
  A gnoll (D:2)
  4 adders (D:2)
  2 worms (D:2)
  A dart slug (D:2)
  A ball python (D:2)
  2 endoplasms (D:1)
  2 giant cockroaches
  2 goblins (D:1)
  5 hobgoblins
  3 jackals (D:2)
  5 kobolds
  3 bats
  2 frilled lizards
  3 rats
36 creatures vanquished.

Notes
Turn   | Place    | Note
-------+----------+-------------------------------------------
     0 | D:1      | Ablot the Gnoll Warper began the quest for the Orb.
     0 | D:1      | Reached XP level 1. HP: 20/20 MP: 6/6
     7 | D:1      | Noticed a swamp worm
     7 | D:1      | Noticed a swamp drake
     7 | D:1      | Noticed an anaconda
     8 | D:1      | Noticed a killer bee
   138 | D:1      | Reached XP level 2. HP: 22/26 MP: 7/7
   347 | D:1      | Found Foan's Weapon Shoppe.
   778 | D:1      | Found a faded altar of an unknown god.
   967 | D:2      | Reached skill level 5 in Spellcasting
   967 | D:2      | Reached XP level 3. HP: 10/31 MP: 7/9
  1213 | D:2      | Reached skill level 1 in Invocations
  1394 | D:2      | Reached skill level 1 in Short Blades
  1394 | D:2      | Reached skill level 1 in Long Blades
  1394 | D:2      | Reached skill level 1 in Axes
  1394 | D:2      | Reached skill level 1 in Maces & Flails
  1394 | D:2      | Reached skill level 1 in Staves
  1394 | D:2      | Reached skill level 1 in Slings
  1394 | D:2      | Reached skill level 1 in Bows
  1394 | D:2      | Reached skill level 1 in Crossbows
  1394 | D:2      | Reached skill level 1 in Stealth
  1394 | D:2      | Reached skill level 1 in Shields
  1394 | D:2      | Reached skill level 1 in Unarmed Combat
  1394 | D:2      | Reached skill level 1 in Evocations
  1394 | D:2      | Reached XP level 4. HP: 38/38 MP: 11/11
  2071 | D:2      | Reached skill level 1 in Conjurations
  2071 | D:2      | Reached skill level 1 in Hexes
  2071 | D:2      | Reached skill level 1 in Summonings
  2071 | D:2      | Reached skill level 1 in Necromancy
  2071 | D:2      | Reached skill level 1 in Transmutations
  2071 | D:2      | Reached skill level 1 in Fire Magic
  2071 | D:2      | Reached skill level 1 in Ice Magic
  2071 | D:2      | Reached skill level 1 in Air Magic
  2071 | D:2      | Reached skill level 1 in Earth Magic
  2071 | D:2      | Reached skill level 1 in Poison Magic
  2071 | D:2      | Noticed Terence
  2078 | D:2      | Slain by a gnoll

Illustrated notes

Levels and vault maps discovered:
D:1:      onia_arrival_zoo_common, layout_loops_ring, serial_shops, shop,
          shapermc_ecumenical_altar_mp_vishouse
D:2:      minmay_evil_eye, layout_loops_ring, uniq_terence

Skill      XL: |  1  2  3  4 |
---------------+-------------+-----
Spellcasting   | 5 |  5.1
Invocations    | 1 |  1.3
Short Blades   | 1 |  1.2
Long Blades    | 1 |  1.2
Axes           | 1 |  1.2
Maces & Flails | 1 |  1.2
Staves         | 1 |  1.2
Slings         | 1 |  1.2
Bows           | 1 |  1.2
Crossbows      | 1 |  1.2
Stealth        | 1 |  1.2
Shields        | 1 |  1.2
Unarmed Combat | 1 |  1.2
Evocations     | 1 |  1.2
Conjurations   | 1 |  1.0
Hexes          | 1 |  1.0
Summonings     | 1 |  1.0
Necromancy     | 1 |  1.0
Transmutations | 1 |  1.0
Fire Magic     | 1 |  1.0
Ice Magic      | 1 |  1.0
Air Magic      | 1 |  1.0
Earth Magic    | 1 |  1.0
Poison Magic   | 1 |  1.0
Fighting       | |  4.6
Polearms       | |  4.6
Throwing       | |  2.8
Armour         | |  2.8
Dodging        | |  4.6
Translocations | |  5.5

Action                   |  1- 3 |  4- 6 || total
-------------------------+-------+-------++-------
Melee: Spear             |    27 |       ||    27
       Bite              |     1 |     4 ||     5
       Short sword       |    42 |    43 ||    85
       Dagger            |    13 |       ||    13
       Punch             |     2 |     1 ||     3
 Stab: Sleeping          |     2 |     1 ||     3
Armor: Leather armour    |    23 |     5 ||    28
Dodge: Dodged            |    41 |    31 ||    72
